 Dungeon Crawl Stone Soup version 0.27-a0-287-gd4424db430 (webtiles) character file.

Game seed: 12851861216210075392

130 lunkers the Cutter (level 5, -1/27 HPs)
             Began as a Vine Stalker Fighter on Feb 8, 2021.
             Slain by a gnoll
             ... wielding a +0 halberd
              (9 damage)
             ... on level 2 of the Dungeon.
             The game lasted 00:01:56 (1233 turns).

lunkers the Cutter (Vine Stalker Fighter)           Turns: 1233, Time: 00:01:57

Health: -1/27      AC:  7    Str: 20    XL:     5   Next: 13%
Magic:  0/6        EV:  7    Int:  8    God:
Gold:   76         SH:  9    Dex: 13    Spells: 4/4 levels left

rFire    . . .     SeeInvis .   a - +0 rapier
rCold    . . .     Faith    .   c - +0 kite shield
rNeg     . . .     Spirit   +   b - +0 scale mail
rPois    .         Reflect  .   l - +1 hat {Will+}
rElec    .         Harm     .   (no cloak)
rCorr    .         Rampage  .   (no gloves)
Will     +....                  (no boots)
Stlth    ..........             (no amulet)
HPRegen  0.49/turn              (no ring)
MPRegen  0.10/turn              (no ring)

@: no status effects
A: fangs 2, regeneration 1, magic shield, antimagic bite, no potion heal 3
a: no special abilities


You were on level 2 of the Dungeon.
You visited 1 branch of the dungeon, and saw 2 of its levels.

You collected 76 gold pieces.

Inventory:

Hand Weapons
 a - a +0 rapier (weapon)
Missiles
 e - 2 throwing nets {=f}
 g - 53 stones (quivered)
Armour
 b - a +0 scale mail (worn)
 c - a +0 kite shield (worn)
 l - a +1 hat of willpower (worn)
Scrolls
 h - 4 scrolls of remove curse {unknown}
 i - 2 scrolls of identify {unknown}
 m - 2 scrolls of amnesia {unknown}
Potions
 d - a potion of might
 j - a potion of attraction {unknown}
 k - a potion of resistance {unknown}
 n - a potion of brilliance {unknown}


   Skills:
 - Level 2.6 Fighting
 * Level 4.7 Short Blades
 - Level 2.4 Armour
 - Level 2.6 Shields


You had 4 spell levels left.
You didn't know any spells.
Your spell library was empty.

Dungeon Overview and Level Annotations

Branches:
Dungeon (2/15)

Altars:
Ru


Innate Abilities, Weirdness & Mutations

You have extremely sharp teeth.
Your natural rate of healing is unusually fast.
When hurt, damage is shared between your health and your magic reserves.
Your bite disrupts and absorbs the magic of your enemies.
Potions cannot restore your health.


Message History

The gnoll hits you from afar with a +0 halberd.
You block the gnoll's attack.
You puncture the gnoll!
The gnoll is severely wounded.
The gnoll hits you but does no damage. x2
You hit the gnoll. You bite the gnoll.
You kill the gnoll!
The gnoll barely misses you.
Unknown command.
Unknown command.
The gnoll hits you with a +0 halberd!
* * * LOW HITPOINT WARNING * * *
Things that are here:
a +0 flail; a gnoll corpse; an adder corpse You hit the gnoll but do no damage.
You bite the gnoll. You drain its power.
You feel invigorated.
The gnoll is lightly wounded.
The gnoll hits you with a +0 halberd!
* * * LOW MAGIC WARNING * * *
You die...

#...#.......
#...########
#...# ###†..#
+.....###
#....#......#
#### ######.#
..#.# ###
####.#@# ...
..#.#g#
##.##.#.#.#
.#.#...#.#g#.#
....._...g.†.#
.#.#...#.#.#.#
##.##.#.#[#
... ..#.#.#
### ####.#.#


You could see a gnoll.

Vanquished Creatures
  A worker ant (D:2)
  2 gnolls (D:2)
  4 adders (D:2)
  2 worms (D:2)
  A dart slug (D:1)
  A leopard gecko (D:1)
  A ball python (D:1)
  6 bats
  3 giant cockroaches
  6 goblins
  5 hobgoblins
  5 kobolds
  2 frilled lizards (D:1)
  6 rats
45 creatures vanquished.

Notes
Turn   | Place    | Note
-------+----------+-------------------------------------------
     0 | D:1      | lunkers the Vine Stalker Fighter began the quest for the
                  | Orb.
     0 | D:1      | Reached XP level 1. HP: 11/11 MP: 2/2
    28 | D:1      | Reached skill level 2 in Short Blades
    69 | D:1      | Reached XP level 2. HP: 4/16 MP: 0/3
   481 | D:1      | Reached skill level 3 in Short Blades
   570 | D:1      | Reached XP level 3. HP: 17/19 MP: 4/4
   857 | D:2      | Gained mutation: Your natural rate of healing is unusually
                  | fast. [Vine Stalker growth]
   857 | D:2      | Reached XP level 4. HP: 6/23 MP: 2/5
   866 | D:2      | Reached skill level 4 in Short Blades
  1206 | D:2      | Found a sacrificial altar of Ru.
  1229 | D:2      | Reached XP level 5. HP: 17/27 MP: 4/6
  1233 | D:2      | Slain by a gnoll

Illustrated notes

Levels and vault maps discovered:
D:1:      ebering_hopf_link, layout_rooms
D:2:      layout_basic, nicolae_ru_sacrificial_ziggurat, hangedman_decor_push

Skill      XL: |  1  2  3  4 |
---------------+-------------+-----
Short Blades   | 2 3 4 |  4.7
Fighting       | |  2.6
Armour         | |  2.4
Shields        | |  2.6

Action                   |  1- 3 |  4- 6 || total
-------------------------+-------+-------++-------
Melee: Rapier            |    73 |    54 ||   127
       Bite              |    13 |    13 ||    26
Throw: Stone             |     9 |     7 ||    16
  Use: Potion            |     1 |       ||     1
 Stab: Invisible         |       |     1 ||     1
Armor: Scale mail        |    29 |    14 ||    43
Dodge: Dodged            |    31 |    17 ||    48
Block: Kite shield       |    37 |    26 ||    63

Table legend: (Time is in decaauts)
 A = Elapsed time spent in this place.
 B = Non-inter-level travel time spent in this place.
 C = Inter-level travel time spent in this place.
 D = Time resting spent in this place.
 E = Time spent auto-exploring this place.
 F = Levels seen in this place.
 G = Mean time per level.
                   A        B        C        D        E       F      G
               +--------+--------+--------+--------+--------+-----+--------+
         Total |   1273 |   1262 |     11 |      4 |    965 |   2 |  636.5 |
       Dungeon |   1273 |   1262 |     11 |      4 |    965 |   2 |  636.5 |
               +--------+--------+--------+--------+--------+-----+--------+

Top non-repeatable levels by time:
     D:1: 795 daAuts
     D:2: 478 daAuts
